AoeStats
← Ritter der Kokosnuss

African Clearing

510737502Analyzed
2v2 RM · 17h ago on Oct 2, 2026· 54m 3s· 4 players
Game mode
Random Map
Map size
Medium (4 player)
Population
200
Speed
Normal
Resources
Standard
Victory
Conquest
Starting age
Dark Age
Ending age
Imperial Age
RankedLock teamsTeams togetherTeam positionsShared explorationLock speedFull tech treeHidden civsTurbo modeCheats
Victory
Defeat
🇩🇪 Varangians · Germany
1689
+14
🇩🇪 Mongols · Germany
1645
+16
🇩🇪 Malians · Germany
1667
-16
🇩🇪 Bengalis · Germany
1612
-14
Kümmelbrot OP
11:48 Feudal Age
10:28 Loom
12:21 Double-Bit Axe
15:13 Scale Barding Armor
16:17 Forging
19:12 Bloodlines
21:11 Town Watch
23:59 Castle Age
23:02 Horse Collar
24:07 Light Cavalry
25:35 Husbandry
33:09 Bow Saw
33:52 Heavy Plow
36:37 Wheelbarrow
39:13 Imperial Age
38:48 Fletching
44:21 Conscription
44:05 Bodkin Arrow
46:21 Elite Ratha (Ranged)
47:59 Hand Cart
51:04 Mahayana
51:09 Chain Barding Armor
52:35 Plate Barding Armor
52:36 Iron Casting
52:03 Padded Archer Armor
Mojo Jojo
10:02 Loom
12:38 Feudal Age
13:21 Double-Bit Axe
15:25 Fletching
18:25 Padded Archer Armor
19:18 Horse Collar
23:31 Castle Age
22:27 Gold Mining
24:27 Wheelbarrow
24:11 Bodkin Arrow
24:00 Crossbowman
26:16 Ballistics
37:00 Thumb Ring
45:07 Imperial Age
43:09 Town Watch
43:50 Hand Cart
46:20 Scale Mail Armor
46:38 Leather Archer Armor
48:26 Scale Barding Armor
48:54 Stone Mining
Ritter der Kokosnuss
11:56 Feudal Age
12:54 Loom
15:58 Castle Age
22:40 Fletching
24:00 Bodkin Arrow
34:19 Ballistics
34:49 Padded Archer Armor
36:37 Double-Bit Axe
37:41 Husbandry
41:48 Bow Saw
41:19 Horse Collar
42:30 Bloodlines
44:35 Heavy Plow
45:50 Wheelbarrow
46:51 Gold Mining
48:31 Thumb Ring
50:32 Hand Cart
51:50 Leather Archer Armor
55:16 Imperial Age
54:37 Gold Shaft Mining
sHeoG0ratH
11:51 Loom
14:02 Feudal Age
14:33 Double-Bit Axe
17:53 Forging
19:48 Castle Age
18:58 Bloodlines
20:09 Light Cavalry
23:38 Husbandry
26:36 Scale Barding Armor
30:05 Chain Barding Armor
30:50 Wheelbarrow
31:12 Fishing Lines
43:04 Imperial Age
40:35 Fletching
41:09 Gillnets
43:43 Cavalier
45:09 Plate Barding Armor
49:33 Hand Cart
52:00 Town Watch
55:11 Iron Casting
Connection lost

Rejoining the realm…

Still unreachable

The connection could not be restored.

Session expired

The server has moved on; the page needs a fresh start.